 Dungeon Crawl Stone Soup version 0.31.0-11-ge490571c62 (webtiles) character file.

Game seed: 6591219104972508586

256 Rassilon the Sneak (level 5, -8/24 HPs)
             Began as a Spriggan Enchanter on Feb 8, 2024.
             Killed from afar by an orc wizard (11 damage)
             ... with a puff of flame
             ... on level 4 of the Dungeon.
             The game lasted 00:08:56 (2747 turns).

Rassilon the Sneak (Spriggan Enchanter)             Turns: 2747, Time: 00:08:57

Health: -8/24      AC:  2    Str:  6    XL:     5   Next: 92%
Magic:  10/12      EV: 16    Int: 17    God:
Gold:   133        SH:  4    Dex: 15    Spells: 10/12 levels left

rFire   . . .        a - +1 dagger
rCold   . . .        o - +0 buckler
rNeg    . . .        b - +0 robe
rPois   .            (helmet restricted)
rElec   .            (no cloak)
rCorr   .            (gloves unavailable)
SInv    +            (boots unavailable)
Will    .....        j - amulet of magic regeneration
Stlth   +++          m - ring of flight
HPRegen 0.24/turn    (no ring)
MPRegen 0.53/turn

%: no passive effects
@: flying, very slightly contaminated, very quick
A: very small, no large weapons, unfitting armour, see invisible, speed 3
a: no special abilities


You were on level 4 of the Dungeon.
You visited 1 branch of the dungeon, and saw 4 of its levels.

You collected 133 gold pieces.

Inventory:

Hand Weapons
 a - a +1 dagger (weapon)
Armour
 b - a +0 robe (worn)
 o - a +0 buckler (worn)
Jewellery
 j - an amulet of magic regeneration (around neck)
 m - a ring of flight (left hand)
Scrolls
 g - a scroll of enchant armour {unknown}
 h - a scroll of immolation {unknown}
 i - 5 scrolls of identify {unknown}
 n - a scroll of fog {unknown}
 p - a scroll of noise {unknown}
Potions
 c - 2 potions of invisibility
 d - 3 potions of heal wounds {unknown}
 e - 4 potions of curing {unknown}
 f - a potion of cancellation {unknown}
 k - 2 potions of haste {unknown}
 l - 2 potions of lignification {unknown}


   Skills:
 * Level 4.1 Short Blades
 - Level 3.0 Dodging
 + Level 6.1 Stealth
 + Level 4.1 Spellcasting
 + Level 4.7 Hexes


You had 10 spell levels left.
You knew the following spells:

 Your Spells              Type           Power      Damage    Failure   Level
a - Ensorcelled Hibernat  Hex/Ice        22%        N/A       16%         2

Your spell library contained the following spells:

 Spells                   Type           Power      Damage    Failure   Level
 Confusing Touch          Hex            19%        N/A       12%         3
 Tukima's Dance           Hex            19%        N/A       12%         3
 Dazzling Flash           Conj/Hex       22%        N/A       32%         3


Dungeon Overview and Level Annotations

Branches:
Dungeon (4/15)
 Temple: D:4-7

Altars:


Innate Abilities, Weirdness & Mutations

You are very small and have problems with some larger weapons.
You are too small for most types of armour.
You have supernaturally acute eyesight. (SInv)
You cover ground extremely quickly. (Speed+++)


Message History

The orc wizard hits you with a +0 dagger.
You closely miss the orc wizard. You block the orc's attack.
The orc hits you with a +0 morningstar. You block the orc wizard's attack.
The orc closely misses you.
Casting: Ensorcelled Hibernation (safe; 16% risk of failure)
Confirm with . or Enter, or press ? or * to list all spells.
Okay, then.
The orc wizard attacks as it pursues you!
The orc wizard barely misses you.
There are monsters nearby!
Casting: Ensorcelled Hibernation (safe; 16% risk of failure)
Confirm with . or Enter, or press ? or * to list all spells.
Aiming: Ensorcelled Hibernation (safe; 16% risk of failure)
Press: ? - help, Shift-Dir - straight line, f - orc wizard
Aim: an orc wizard, wielding a +0 dagger and wearing a +0 robe (chance to affect: 45%)
You miscast Ensorcelled Hibernation.
You are very lightly contaminated with residual magic.
Nothing appears to happen.
You hit the orc wizard but do no damage.
The orc wizard gestures at you while chanting.
The magic dart hits you.
You closely miss the orc wizard.
The orc wizard points at you and mumbles some strange words.
The magic dart hits you!
Ouch! That really hurt!
* * * LOW HITPOINT WARNING * * *
Unknown command.
The orc wizard mumbles some strange words.
The orc wizard flickers and vanishes for a moment.
Casting: Ensorcelled Hibernation (safe; 16% risk of failure)
Confirm with . or Enter, or press ? or * to list all spells.
Aiming: Ensorcelled Hibernation (safe; 16% risk of failure)
Press: ? - help, Shift-Dir - straight line, f/p - orc wizard
Aim: an orc wizard, wielding a +0 dagger and wearing a +0 robe (slightly transparent, chance to affect: 45%)
The orc wizard resists with some effort.
The orc throws a boomerang.
The boomerang misses the orc wizard.
The boomerang closely misses you. The orc wizard casts a spell at you.
The puff of flame hits you!
You die...

###########
#.........#
#.#######.# #.#
#.# ######.#
#.# #oo.@..#
#>#
########o######
##.####
#........#
#....<#
#........#
#..####
#........# #..#
#........# #..#
#####........#
#..#
#..$.........#
####
..............#


You could see an orc wizard (invisible) and 2 orcs.

Vanquished Creatures
  A black bear (D:4)
  An orc priest (D:2)
  A sleepcap (D:4)
  3 adders
  A dart slug (D:3)
  A ribbon worm (D:2)
  9 orcs
  5 bats
  8 endoplasms
  A giant cockroach (D:1)
  3 goblins
  8 hobgoblins
  11 jackals
  7 kobolds
  2 quokkas (D:2)
  2 ball pythons (D:3)
  3 frilled lizards
  6 rats
73 creatures vanquished.

Notes
Turn   | Place    | Note
-------+----------+-------------------------------------------
     0 | D:1      | Rassilon the Spriggan Enchanter began the quest for the
                  | Orb.
     0 | D:1      | Reached XP level 1. HP: 9/9 MP: 5/5
   223 | D:1      | Reached XP level 2. HP: 12/13 MP: 6/6
   231 | D:1      | Learned a level 2 spell: Ensorcelled Hibernation
   420 | D:1      | Found a faded altar of an unknown god.
   686 | D:2      | Identified the +3 leather armour "Essoreed" {Int+3}
   764 | D:2      | Reached XP level 3. HP: 11/16 MP: 8/8
   862 | D:2      | Reached skill level 5 in Stealth
  1101 | D:2      | Reached XP level 4. HP: 21/21 MP: 10/10
  1530 | D:2      | You are sucked into a shaft and drop 2 floors!
  1532 | D:4      | Noticed a black bear
  1595 | D:3      | HP: 1/21 [poisoned by an adder]
  2413 | D:3      | Reached XP level 5. HP: 21/24 MP: 11/11
  2619 | D:4      | Killed a black bear
  2620 | D:4      | Reached skill level 6 in Stealth
  2747 | D:4      | Killed from afar by an orc wizard

Illustrated notes

Levels and vault maps discovered:
D:1:      erik_arrival_triangle_medium, layout_basic,
          hellmonk_ecumenical_altar_heavens_door, kennysheep_doodads
D:2:      cheibrodos_pilgrimage, layout_basic, chequers_serial_rivers_micro_e,
          minmay_tetromino_i4
D:3:      layout_basic, serial_corexii_hall, chequers_hall_statues_wall_a,
          chequers_hall_statues_corner_a, minmay_parallelograms, st_stairs_11
D:4:      layout_basic, kennysheep_little_box,
          minmay_temple_entry_statues_pillars

Skill      XL: |  1  2  3  4  5 |
---------------+----------------+-----
Dodging        | 3 |  3.0
Spellcasting   | 3 4 |  4.1
Short Blades   | 2 3 4 |  4.1
Hexes          | 4 |  4.7
Stealth        | 5 6 |  6.1

Action                     |  1- 3 |  4- 6 || total
---------------------------+-------+-------++-------
  Melee: Dagger            |   137 |   129 ||   266
         Punch             |     2 |       ||     2
   Cast: Ensorcelled Hiber |     5 |    21 ||    26
   Stab: Sleeping          |    13 |    22 ||    35
         Distracted        |       |     1 ||     1
 Armour: Robe              |    29 |    37 ||    66
  Dodge: Dodged            |   113 |    82 ||   195
  Block: Buckler           |       |    20 ||    20
